 Dungeon Crawl Stone Soup version 0.30-a0-728-gc68057be0a (webtiles) character file.

Game seed: 13034902588486829781

9522 KleinerIrrer the Martial Artist (level 11, -9/77 HPs)
             Began as an Octopode Delver on Jan 30, 2023.
             Was a High Priest of Okawaru.
             Mangled by a komodo dragon (13 damage)
             ... on level 1 of the Lair of Beasts.
             The game lasted 00:28:01 (11031 turns).

KleinerIrrer the Martial Artist (Octopode Delver)  Turns: 11031, Time: 00:28:02

Health: -9/77      AC:  7    Str: 18    XL:     11   Next: 47%
Magic:  16/16      EV: 16    Int: 22    God:    Okawaru [*****.]
Gold:   814        SH: 10    Dex: 14    Spells: 10/10 levels left

rFire   + . .      SeeInvis +    w - +8 short sword of the Shore {flame, Contam rPois rCorr}
rCold   . . .      Faith    .    J - +0 buckler
rNeg    . . .      Spirit   .    (helmet restricted)
rPois   +          Reflect  +    n - amulet of reflection
rElec   .          Harm     .    f - ring of protection from fire
rCorr   +          Rampage  .    C - +6 ring of intelligence
Will    .....                    I - +6 ring of strength
Stlth   +++++                    F - +4 ring of protection
HPRegen 0.32/turn                (no ring)
MPRegen 0.15/turn                (no ring)
                                 (no ring)
                                 (no ring)

@: no status effects
A: almost no armour, amphibious, 8 rings, camouflage 1, gelatinous body 1,
(nimble swimmer 1), tentacles, iridescent scales 1, see invisible
a: Renounce Religion, Heroism, Finesse, Duel


You were on level 1 of the Lair of Beasts.
You worshipped Okawaru.
Okawaru was extremely pleased with you.
You visited 3 branches of the dungeon, and saw 12 of its levels.
You also visited: Sewer.

You collected 897 gold pieces.
You spent 83 gold pieces at shops.

Inventory:

Hand Weapons
 k - a +4 dagger
 w - the +8 short sword of the Shore (weapon) {flame, Contam rPois rCorr}
   (You took it off a goblin on level 2 of the Dungeon)

   rPois:     It protects you from poison.
   Contam:    It causes magical contamination when unequipped.
   rCorr:     It protects you from acid and corrosion.
 N - the +6 demon blade of Belauret {heavy, Str+3 Int-3 Dex+9}
   (Okawaru gifted it to you on level 9 of the Dungeon)

   Str:       It affects your strength (+3).
   Int:       It affects your intelligence (-3).
   Dex:       It affects your dexterity (+9).
Missiles
 q - 5 curare-tipped darts
 t - 7 poisoned darts (quivered)
 u - 8 boomerangs
 A - 6 datura-tipped darts
 O - 3 throwing nets
Armour
 J - a +0 buckler (worn)
Jewellery
 f - a ring of protection from fire (left tentacle)
 n - an amulet of reflection (around mantle)
 v - a ring of fire
 C - a +6 ring of intelligence (right tentacle)
 F - a +4 ring of protection (on tentacle)
 I - a +6 ring of strength (on tentacle)
 L - a ring of resist corrosion
Wands
 e - a wand of digging (3)
 K - a wand of paralysis (10)
 Q - a wand of roots (8)
Scrolls
 a - 3 scrolls of fog
 b - 3 scrolls of magic mapping
 c - 2 scrolls of fear
 g - 3 scrolls of immolation
 h - 8 scrolls of teleportation {unknown}
 i - a scroll of silence {unknown}
 l - a scroll of enchant armour
 x - a scroll of amnesia {unknown}
 y - 2 scrolls of blinking {unknown}
 z - 2 scrolls of enchant weapon
 E - 5 scrolls of identify
 H - 3 scrolls of poison {unknown}
 M - 2 scrolls of noise {unknown}
 P - a scroll of acquirement {unknown}
Potions
 d - 3 potions of magic
 j - 2 potions of might
 m - 3 potions of mutation
 o - 2 potions of degeneration
 p - 2 potions of brilliance {unknown}
 r - 6 potions of curing
 s - 2 potions of heal wounds
 B - a potion of lignification {unknown}
 D - a potion of ambrosia {unknown}
 G - 2 potions of cancellation {unknown}
 R - a potion of berserk rage {unknown}


   Skills:
 - Level 8.1 Fighting
 * Level 6.1 Long Blades
 - Level 7.8 Dodging
 - Level 7.9 Stealth
 - Level 4.0 Shields
 - Level 9.8 Unarmed Combat
 - Level 7.1 Invocations


You had 10 spell levels left.
You didn't know any spells.
Your spell library contained the following spells:

 Spells                   Type           Power      Damage    Failure   Level
 Lesser Beckoning         Tloc           0%         N/A       32%         2
 Static Discharge         Conj/Air       0%         2-2/arc   32%         2
 Gell's Gravitas          Tloc           0%         N/A       54%         3
 Hailstorm                Conj/Ice       0%         3d3       54%         3
 Ozocubu's Armour         Ice            0%         N/A       54%         3
 Teleport Other           Tloc           0%         N/A       54%         3
 Vhi's Electric Charge    Tloc/Air       0%         N/A       54%         3
 Ice Form                 Ice/Tmut       0%         N/A       91%         4
 Arcjolt                  Conj/Air       0%         1d10      99%         5
 Lightning Bolt           Conj/Air       0%         1d11      99%         5
 Metabolic Englaciation   Hex/Ice        0%         N/A       99%         5
 Maxwell's Capacitive Co  Air            0%         ∞         100%        8
 Simulacrum               Ice/Necr       Unusable   N/A       N/A         6

Dungeon Overview and Level Annotations

Branches:
Dungeon (10/15)            Temple (1/1) D:4            Lair (1/5) D:9
  Sewer (visited)
    Orc: D:9-12

Altars:
Ashenzari
Cheibriados
Dithmenos
Elyvilon
Fedhas
Gozag
Hepliaklqana
Kikubaaqudgha
Makhleb
Nemelex Xobeh
Okawaru
Qazlal
Ru
Sif Muna
Trog
Uskayaw
Vehumet
Wu Jian
Xom
Yredelemnul
Zin
The Shining One
Lugonu

Shops:
D:4 *   D:5 *   D:6 (   D:7 [   D:9 *


Innate Abilities, Weirdness & Mutations

You cannot wear most types of armour.
You are amphibious.
You can wear up to eight rings at the same time.
Your skin changes colour to match your surroundings (Stealth+).
Your rubbery body absorbs attacks. (AC +1, EV +1)
((You are camouflaged when in or above water. (Stealth+)))
You have tentacles for arms and can constrict up to eight enemies at once.
You are partially covered in iridescent scales. (AC +2)
You have supernaturally acute eyesight. (SInv)


Message History

You hit the cane toad. You burn the cane toad.
You kill the cane toad!
Okawaru accepts your kill.
You feel sick.
Your Long Blades skill increases to level 6!
You start resting.
You feel sick. x8
You are no longer poisoned.
You start resting.
A komodo dragon comes into view.
You hit the komodo dragon. You burn the komodo dragon.
You squeeze the komodo dragon, but do no damage.
The komodo dragon is lightly wounded.
The komodo dragon misses you.
You hit the komodo dragon but do no damage.
You squeeze the komodo dragon.
The komodo dragon is lightly wounded.
The komodo dragon completely misses you.
You hit the komodo dragon. You burn the komodo dragon.
The komodo dragon is moderately wounded.
The komodo dragon bites you!!
You puncture the komodo dragon! You burn the komodo dragon.
You squeeze the komodo dragon, but do no damage.
The komodo dragon is heavily wounded.
You puncture the komodo dragon! You burn the komodo dragon.
Your squeeze misses the komodo dragon.
The komodo dragon is severely wounded.
The komodo dragon barely misses you.
You hit the komodo dragon. You burn the komodo dragon.
Your squeeze misses the komodo dragon.
The komodo dragon is severely wounded.
The komodo dragon bites you!!
* * * LOW HITPOINT WARNING * * *
You hit the komodo dragon. You burn the komodo dragon.
The komodo dragon is almost dead.
The komodo dragon bites you.
* * * LOW HITPOINT WARNING * * *
You closely miss the komodo dragon.
The komodo dragon is almost dead.
The komodo dragon bites you!
You die...

#..####.....##...###
..... #.....##.....#
......#.....##.....# #
......#.....##.....##.#
......#.....##........#
#F.....#.....#..# .
#.....##......#..#
..#.....##..l..##.##
+#......##..@..# P
........###.#.## #
.........##..###..#
..................#
..................#
..................#
.........#.#####..P
.#......#.+# ...
#......## .#


You could see a komodo dragon.

Vanquished Creatures
  A two-headed ogre (D:8)
  An ugly thing (D:9)
  A cyclops (D:9)
  2 cane toads (Lair:1)
  3 trolls
  A polar bear (Lair:1)
  A tengu conjurer (D:9)
  A vampire (D:9)
  A wraith (D:9)
  6 yaks
  Eustachio (D:6)
  A wyvern (D:9)
  2 steam dragons
  Menkaure (D:5)
  2 vampire mosquitoes (D:10)
  2 water moccasins
  2 orc warriors
  A sky beast (D:6)
  4 black bears
  3 ogres
  8 centaurs
  8 kobold brigands
  2 phantoms
  3 bullfrogs
  3 gnoll sergeants
  7 wights
  6 killer bees (D:9)
  4 howler monkeys
  A quasit (D:7)
  3 hounds
  6 orc priests
  A gnoll bouda (D:9)
  3 iguanas
  3 orc wizards (D:9)
  29 gnolls
  5 adders
  A river rat (Sewer)
  3 shadow imps (D:7)
  4 white imps (D:7)
  2 ufetubi
  A worm (D:3)
  8 dart slugs
  14 orcs
  12 ball pythons
  7 endoplasms
  5 giant cockroaches
  6 goblins
  3 hobgoblins
  14 jackals
  3 quokkas
  6 bats
  9 frilled lizards
  26 kobolds
  6 rats
259 creatures vanquished.

Vanquished Creatures (others)
  4 demonic plants (D:7)
  3 fungi (Lair:1)
  19 plants
26 creatures vanquished.

Grand Total: 285 creatures vanquished

Notes
Turn   | Place    | Note
-------+----------+-------------------------------------------
     0 | D:5      | KleinerIrrer the Octopode Delver began the quest for the
                  | Orb.
     0 | D:5      | Reached XP level 1. HP: 16/16 MP: 1/1
     2 | D:5      | Noticed a hound
    19 | D:4      | Reached XP level 2. HP: 21/21 MP: 2/2
    56 | D:4      | Noticed a black bear
    67 | D:4      | Found Tusuone's CLEARANCE SALE!.
    74 | D:4      | Bought a scroll of identify for 8 gold pieces
   190 | D:4      | Found a staircase to the Ecumenical Temple.
   200 | Temple   | Entered the Ecumenical Temple
   231 | Temple   | Became a worshipper of Warmaster Okawaru
   291 | D:4      | Found a glowing drain.
   295 | D:4      | Reached XP level 3. HP: 26/26 MP: 3/3
   303 | Sewer    | Entered a sewer
   410 | Sewer    | Noticed a kobold brigand
   477 | Sewer    | Killed a kobold brigand
   478 | Sewer    | Reached XP level 4. HP: 19/33 MP: 4/4
   562 | Sewer    | Noticed a kobold brigand
   566 | Sewer    | Reached skill level 3 in Unarmed Combat
   619 | Sewer    | Killed a kobold brigand
   619 | Sewer    | Reached * piety under Okawaru
   620 | Sewer    | Reached XP level 5. HP: 2/37 MP: 5/5
   868 | Sewer    | Noticed a kobold brigand
   887 | Sewer    | Killed a kobold brigand
   888 | Sewer    | Reached XP level 6. HP: 22/43 MP: 6/6
  1547 | D:4      | Killed a black bear
  1548 | D:4      | Reached skill level 4 in Unarmed Combat
  1548 | D:4      | Reached XP level 7. HP: 39/49 MP: 7/7
  1897 | D:3      | Found a faded altar of an unknown god.
  2794 | D:2      | Identified the +8 short sword of the Shore {flame, Contam
                  | rPois rCorr}
  4002 | D:5      | Noticed Menkaure
  4219 | D:5      | Reached skill level 5 in Unarmed Combat
  4243 | D:5      | Reached skill level 5 in Fighting
  4303 | D:5      | Killed Menkaure
  4303 | D:5      | Reached ** piety under Okawaru
  4304 | D:5      | Reached XP level 8. HP: 21/55 MP: 8/8
  4559 | D:5      | Reached skill level 6 in Unarmed Combat
  4573 | D:5      | Found Osut's Assorted Antiques.
  4584 | D:5      | Reached skill level 5 in Dodging
  4626 | D:5      | Bought a blue potion for 23 gold pieces
  4626 | D:5      | Bought a scroll of identify for 52 gold pieces
  4629 | D:5      | Gained mutation: You have supernaturally acute eyesight.
                  | (SInv) [potion of mutation]
  4629 | D:5      | Gained mutation: You are partially covered in iridescent
                  | scales. (AC +2) [potion of mutation]
  5005 | D:6      | Reached *** piety under Okawaru
  5006 | D:6      | Reached skill level 7 in Unarmed Combat
  5069 | D:6      | Noticed Eustachio
  5085 | D:6      | Killed Eustachio
  5086 | D:6      | Reached XP level 9. HP: 53/63 MP: 9/9
  5464 | D:6      | Found Puivetal's Weapon Boutique.
  5657 | D:7      | Reached skill level 8 in Unarmed Combat
  5998 | D:7      | Found Hedacowk's Armour Shoppe.
  6029 | D:7      | Reached skill level 1 in Invocations
  6344 | D:7      | Found a white marble altar of Elyvilon.
  6345 | D:7      | Found a stormy altar of Qazlal.
  6681 | D:8      | Reached **** piety under Okawaru
  6850 | D:8      | Found a sacrificial altar of Ru.
  6894 | D:8      | Found a burning altar of Makhleb.
  6898 | D:8      | Noticed a two-headed ogre
  6899 | D:8      | Found a glowing silver altar of Zin.
  6911 | D:8      | Killed a two-headed ogre
  7067 | D:8      | Found a shadowy altar of Dithmenos.
  7069 | D:8      | Found a blossoming altar of Fedhas.
  7071 | D:8      | Found a shimmering blue altar of Sif Muna.
  7074 | D:8      | Found a basalt altar of Yredelemnul.
  7076 | D:8      | Found an ornate altar of the Wu Jian Council.
  7080 | D:8      | Found a radiant altar of Vehumet.
  7165 | D:8      | Reached XP level 10. HP: 71/71 MP: 12/12
  7175 | D:8      | Reached skill level 9 in Unarmed Combat
  7696 | D:9      | Reached ***** piety under Okawaru
  7996 | D:9      | Found an opulent altar of Gozag.
  8070 | D:9      | Found a staircase to the Lair.
  8074 | D:9      | Found Gozag's Platinum Reserve.
  8134 | D:9      | Reached skill level 5 in Invocations
  8253 | D:9      | Identified the +6 demon blade of Belauret {heavy, Str+3
                  | Int-3 Dex+9} (Okawaru gifted it to you on level 9 of the
                  | Dungeon)
  8253 | D:9      | Received a gift from Okawaru
  8566 | D:9      | Reached skill level 1 in Long Blades
  8603 | D:9      | Noticed a purple ugly thing
  8669 | D:9      | Killed a purple ugly thing
  8670 | D:9      | Reached XP level 11. HP: 40/77 MP: 15/15
  8834 | D:9      | Noticed a cyclops
  8850 | D:9      | Killed a cyclops
  8966 | D:9      | Received a gift from Okawaru
  9746 | D:10     | Entered Level 10 of the Dungeon
  9998 | D:10     | Identified the +9 falchion of Dishonour {heavy, Fly Dex+3}
 10373 | D:10     | Found a glowing golden altar of the Shining One.
 10495 | D:10     | Reached skill level 5 in Long Blades
 10578 | D:10     | Found a broken altar of Ashenzari.
 10715 | Lair:1   | Entered Level 1 of the Lair of Beasts
 11031 | Lair:1   | Mangled by a komodo dragon

Illustrated notes

Levels and vault maps discovered:
D:1:      elethiomel_arrival_quiet, layout_basic, minmay_domino_4
D:2:      layout_rooms
D:3:      layout_loops_ring, basic_ecumenical_altar, minmay_misc_feat_columns,
          kennysheep_generic_room_5
D:4:      layout_cave_pods, minmay_temple_entry_large_hall,
          portal_sewer_entry_d, nicolae_shop_clearance
D:5:      layout_rooms, serial_shops, shop, uniq_menkaure
D:6:      layout_cave_pools, serial_shops, nicolae_shop_hallway_stairs,
          uniq_eustachio
D:7:      layout_loops_ring, gammafunk_temple_overflow_pools, serial_demonic,
          serial_demonic_g, serial_demonic_b, serial_demonic_d,
          serial_demonic_d, serial_demonic_e, serial_demonic_d,
          serial_demonic_b, serial_shops, nicolae_shop_behind_doors
D:8:      layout_cave_pools, nicolae_overflow_hallway_of_the_gods
D:9:      cheibrodos_ideogram_h, layout_loops_ring,
          nicolae_gozag_zags_fifth_avenue, nicolae_benzene_ring
D:10:     layout_loops_cross, nicolae_ashenzari_skybound, lemuel_round_altar
Temple:   corrupted_temple
Lair:1:   layout_regular_city, pond, lemuel_fruit_tree

Skill      XL: |  1  2  3  4  5  6  7  8  9 10 11 |
---------------+----------------------------------+-----
Stealth        | 7 |  7.9
Dodging        | 3 4 5 6 7 |  7.8
Unarmed Combat | 3 4 5 7 8 9 |  9.8
Fighting       | 4 5 6 7 8 |  8.1
Invocations    | 3 6 7 |  7.1
Shields        | 2 4 |  4.0
Long Blades    | 2 6 |  6.1

Action                     |  1- 3 |  4- 6 |  7- 9 | 10-12 || total
---------------------------+-------+-------+-------+-------++-------
  Melee: Unarmed           |    53 |    64 |       |       ||   117
         Tentacles         |    17 |    19 |    54 |    63 ||   153
         Constrict         |    13 |    13 |    52 |    45 ||   123
         Punch             |       |     5 |    11 |    27 ||    43
         Dagger            |       |     6 |    59 |       ||    65
         Short sword       |       |       |   211 |   288 ||   499
  Throw: Dart              |       |       |    13 |     5 ||    18
         Throwing net      |       |       |     1 |       ||     1
 Invoke: Heroism           |       |       |     1 |       ||     1
    Use: Scroll            |     1 |     1 |     4 |     1 ||     7
         Potion            |       |     1 |     4 |       ||     5
   Stab: Sleeping          |     3 |     4 |    28 |     9 ||    44
         Distracted        |       |     1 |       |     4 ||     5
 Armour: Skin              |     2 |     2 |    17 |    41 ||    62
  Dodge: Dodged            |    20 |    28 |   113 |   165 ||   326
  Block: Other             |       |     4 |    48 |       ||    52
         Buckler           |       |       |     9 |   157 ||   166
         Reflection        |       |       |     3 |     7 ||    10

Table legend: (Time is in decaauts)
 A = Elapsed time spent in this place.
 B = Non-inter-level travel time spent in this place.
 C = Inter-level travel time spent in this place.
 D = Time resting spent in this place.
 E = Time spent auto-exploring this place.
 F = Levels seen in this place.
 G = Mean time per level.
                   A        B        C        D        E       F      G
               +--------+--------+--------+--------+--------+-----+--------+
         Total |  11024 |  10474 |    550 |   1471 |   6676 |  13 |  848.0 |
       Dungeon |   9669 |   9164 |    505 |   1068 |   6244 |  10 |  966.9 |
        Temple |     46 |      2 |     44 |      0 |      0 |   1 |   46.0 |
          Lair |    311 |    311 |      0 |    172 |     61 |   1 |  311.0 |
         Sewer |    995 |    995 |      0 |    231 |    371 |   1 |  995.0 |
               +--------+--------+--------+--------+--------+-----+--------+

Top non-repeatable levels by time:
     D:9: 1975 daAuts
     D:7: 1145 daAuts
     D:4: 1101 daAuts
     D:8: 1017 daAuts
   Sewer: 995 daAuts
    D:10: 954 daAuts
     D:1: 776 daAuts
     D:3: 744 daAuts
     D:6: 677 daAuts
     D:5: 664 daAuts
     D:2: 612 daAuts
  Lair:1: 311 daAuts
  Temple: 46 daAuts
